 Dungeon Crawl Stone Soup version 0.30-a0-422-g946f4849ff (webtiles) character file.

Game seed: 1875265501518720260

12 flotson the Sneak (level 2, 0/24 HPs)
             Began as a Demonspawn Delver on Dec 8, 2022.
             Succumbed to an adder's poison
             ... in a sewer.
             The game lasted 00:01:27 (203 turns).

flotson the Sneak (Demonspawn Delver)                Turns: 203, Time: 00:01:27

Health: 0/24       AC:  3    Str: 12    XL:     2   Next: 20%
Magic:  2/2        EV: 12    Int: 11    God:
Gold:   3          SH:  0    Dex: 14    Spells: 1/1 levels left

rFire   . . .      SeeInvis .    h - +0 war axe
rCold   . . .      Faith    .    (no shield)
rNeg    . . .      Spirit   .    b - +0 leather armour
rPois   .          Reflect  .    (no helmet)
rElec   .          Harm     .    (no cloak)
rCorr   .          Rampage  .    (no gloves)
Will    .....                    (no boots)
Stlth   +++.......               (no amulet)
HPRegen 0.24/turn                (no ring)
MPRegen 0.08/turn                (no ring)

@: lethally poisoned (0 -> -3), hasted, very quick
A: hooves 1
a: no special abilities


You were in a sewer.
You visited 1 branch of the dungeon, and saw 2 of its levels.
You also visited: Sewer.

You collected 3 gold pieces.

Inventory:

Hand Weapons
 h - a +0 war axe (weapon)
Armour
 b - a +0 leather armour (worn)
Wands
 g - a wand of digging (1)
Scrolls
 a - a scroll of identify {unknown}
 c - a scroll of fog
 d - a scroll of magic mapping
 e - a scroll of fear
 i - a scroll of amnesia {unknown}


   Skills:
 + Level 3.1 Fighting
 - Level 1.7 Axes
 + Level 0.4 Armour
 + Level 2.0 Dodging
 + Level 4.6 Stealth
 + Level 0.5 Evocations


You had one spell level left.
You didn't know any spells.
Your spell library was empty.

Dungeon Overview and Level Annotations

Branches:
Dungeon (5/15)              Sewer (1/1)
 Temple: D:4-7

Altars:

Shops:
D:5 *

Annotations:
D:5 Grinder


Innate Abilities, Weirdness & Mutations

You have large cloven feet.


Message History

You are no longer poisoned.
The adder bites you.
You are poisoned.
The adder poisons you! The adder misses you.
You feel yourself speed up.
You feel sick. The adder misses you.
You closely miss the adder.
The adder is heavily wounded.
You feel sick.
The adder bites you but does no damage. x2
You hit the adder.
The adder is almost dead.
You feel sick. The adder bites you.
* * * LOW HITPOINT WARNING * * *
You are lethally poisoned!
The adder poisons you!
You hit the adder.
You kill the adder!
* * * LOW HITPOINT WARNING * * *
You feel sick.
Your Dodging skill increases to level 2!
You have reached level 2!
Your demonic ancestry asserts itself...
Your feet thicken and deform.
There is a lethal amount of poison in your body!
You aren't carrying any potions.
Found 5 gold pieces.
* * * LOW HITPOINT WARNING * * *
You feel sick.
* * * LOW HITPOINT WARNING * * *
You feel sick.
There is a glowing drain here.
* * * LOW HITPOINT WARNING * * *
You feel sick.
The world spins around you as you enter the gateway.
You enter a sewer!
Found a gate leading back out of this place.
There is an empty arch of ancient stone here.
There is a lethal amount of poison in your body!
* * * LOW HITPOINT WARNING * * *
You feel sick.
You die...

...~~~~~~~.
~~~~~~~~.
#...~.~.# .
##~...~.~##
~~##~.~~~....##~
~.......~...~.~~
~.~.....~..~~~~~
~~..~.~.∩....~~~
~~~~~~~@...~.~~.
~...~...∩......~
~~.~.~.~.~..~~.~
.~.~..~.~~..~~~~
~.##~.~..~..~##.
. ##~~.~..~##
#....~..#
.~~~~~~~.


There were no monsters in sight!

Vanquished Creatures
  An adder (D:4)
  An orc (D:4)
  A giant cockroach (D:4)
3 creatures vanquished.

Notes
Turn   | Place    | Note
-------+----------+-------------------------------------------
     0 | D:5      | flotson the Demonspawn Delver began the quest for the Orb.
     0 | D:5      | Reached XP level 1. HP: 18/18 MP: 1/1
    18 | D:5      | Found Zin's Purification Station.
    25 | D:5      | Noticed a phantom
    47 | D:5      | Noticed Grinder
    50 | D:5      | Paralysed by Grinder for 3 turns
   181 | D:4      | Noticed a black bear
   189 | D:4      | Found a glowing drain.
   198 | D:4      | Gained mutation: You have large cloven feet. [demonic
                  | ancestry]
   198 | D:4      | Reached XP level 2. HP: 5/24 MP: 2/2
   201 | Sewer    | Entered a sewer
   202 | Sewer    | HP: 1/24 [poisoned by an adder]
   203 | Sewer    | Succumbed to an adder's poison

Illustrated notes

Levels and vault maps discovered:
D:4:      layout_rooms, portal_sewer_entry_d, nicolae_figureground_pulse
D:5:      layout_cave_pools, zin_purify, uniq_grinder
Sewer:    sewer_co_tree

Skill      XL: |  1 |
---------------+----+-----
Dodging        | 2 |  2.0
Fighting       | |  3.1
Axes           | |  1.7
Armour         | |  0.4
Stealth        | |  4.6
Evocations     | |  0.5

Action                   || total
-------------------------++-------
Melee: War axe           ||    14
Evoke: Wand              ||     2
  Use: Scroll            ||     1
       Potion            ||     1
Armor: Leather armour    ||     8
Dodge: Dodged            ||    13

Table legend: (Time is in decaauts)
 A = Elapsed time spent in this place.
 B = Non-inter-level travel time spent in this place.
 C = Inter-level travel time spent in this place.
 D = Time resting spent in this place.
 E = Time spent auto-exploring this place.
 F = Levels seen in this place.
 G = Mean time per level.
                   A        B        C        D        E       F      G
               +--------+--------+--------+--------+--------+-----+--------+
         Total |    204 |    204 |      0 |     68 |      8 |   3 |   68.0 |
       Dungeon |    203 |    203 |      0 |     68 |      8 |   2 |  101.5 |
         Sewer |      1 |      1 |      0 |      0 |      0 |   1 |    1.0 |
               +--------+--------+--------+--------+--------+-----+--------+

Top non-repeatable levels by time:
     D:4: 141 daAuts
     D:5: 62 daAuts
   Sewer: 1 daAuts
